 Dungeon Crawl Stone Soup version 0.20-a0-792-g09bcfd3 (webtiles) character file.

3427 nono the Skirmisher (level 10, 0/55 HPs)
             Began as a Vine Stalker Hunter on Feb 28, 2017.
             Was a Believer of Okawaru.
             Slain by a yak (12 damage)
             ... on level 9 of the Dungeon.
             The game lasted 00:17:20 (2412 turns).

nono the Skirmisher (Vine Stalker Hunter)           Turns: 2412, Time: 00:17:20

Health: 0/55       AC:  5    Str: 19    XL:     10   Next: 5%
Magic:  0/11       EV: 17    Int: 13    God:    Okawaru [**....]
Gold:   299        SH: 14    Dex: 20    Spells: 9/9 levels left

rFire    . . .     SeeInvis .   G - +0 dagger (speed)
rCold    . . .     Gourm    .   b - +0 leather armour
rNeg     . . .     Faith    .   l - +1 buckler
rPois    .         Spirit   +   (helmet restricted)
rElec    .         Reflect  +   N - +0 cloak
rCorr    .         Harm     .   (no gloves)
MR       +....                  (no boots)
Stlth    +++.......             j - +6 amulet of reflection
Regen    0.6/turn               (no ring)
MPRegen  0.2/turn               E - +6 ring of dexterity

@: heroism, very slightly contaminated, hasted, very quick
A: fangs 3, horns 2, clever 1, regeneration 1, magic shield, antimagic bite, no
potion heal 3, rot immunity
a: Heroism, Renounce Religion


You were on level 9 of the Dungeon.
You worshipped Okawaru.
Okawaru was pleased with you.
You were hungry.

You visited 2 branches of the dungeon, and saw 10 of its levels.

You collected 299 gold pieces.

Inventory:

Hand Weapons
 a - a +0 short sword
 q - a +0 dagger
 y - a +0 club
 C - a +1 dagger of chaos
 G - a +0 dagger of speed (weapon)
 M - a +2 antimagic dagger
Missiles
 h - 4 javelins (quivered)
Armour
 b - a +0 leather armour (worn)
 l - a +1 buckler (worn)
 N - a +0 cloak (worn)
Jewellery
 j - a +6 amulet of reflection (around neck)
 s - an uncursed amulet of harm {unknown}
 w - an uncursed amulet of magic regeneration {unknown}
 E - a +6 ring of dexterity (left hand)
Scrolls
 d - 4 scrolls of enchant armour
 g - a scroll of magic mapping
 k - a scroll of noise {unknown}
 m - a scroll of amnesia {unknown}
 n - a scroll of teleportation {unknown}
 o - a scroll of immolation {unknown}
 u - 4 scrolls of remove curse
 A - a scroll of enchant weapon {unknown}
 F - 2 scrolls of identify
 H - 2 scrolls of blinking {unknown}
 L - a scroll of recharging {unknown}
Potions
 c - a potion of magic {unknown}
 e - 2 potions of brilliance {unknown}
 p - a potion of invisibility {unknown}
 r - a potion of haste
 t - a potion of might {unknown}
 v - 4 potions of curing {unknown}
 x - a potion of flight {unknown}
 B - 2 potions of degeneration {unknown}
 D - a potion of lignification {unknown}
Books
 I - a book of Frost

   Spells                             Type                      Level
   a - Freeze                         Ice                          1
   b - Throw Frost                    Conjuration/Ice              2
   c - Ozocubu's Armour               Charms/Ice                   3
   d - Throw Icicle                   Conjuration/Ice              4
   e - Summon Ice Beast               Ice/Summoning                4
Comestibles
 f - 3 bread rations
 i - a royal jelly
 z - a meat ration
 J - 2 chunks of flesh
 K - a fruit


   Skills:
 + Level 7.3(12.3) Fighting
 + Level 7.2(12.2) Short Blades
 - Level 4.9(9.9) Throwing
 + Level 3.3(8.3) Armour
 - Level 1.5(6.5) Dodging
 - Level 1.2(6.2) Stealth
 - Level 5.6(10.6) Shields


You had 9 spell levels left.
You didn't know any spells.

Dungeon Overview and Level Annotations

Branches:
Dungeon (9/15)             Temple (1/1) D:7
   Lair: D:8-11         Orc: D:9-12

Altars:
Ashenzari
Dithmenos
Elyvilon
Gozag
Nemelex Xobeh
Okawaru
Qazlal
Ru
Sif Muna
Vehumet
Xom
Yredelemnul

Shops:
D:9 =

Annotations:
D:5 Prince Ribbit


Innate Abilities, Weirdness & Mutations

You have razor-sharp teeth.
Your natural rate of healing is unusually fast.
When hurt, damage is shared between your health and your magic reserves.
Your bite disrupts and absorbs the magic of your enemies.
Potions cannot restore your health.
You are immune to rotting.
You have a pair of horns on your head.
Your mind is acute. (Int +2)


Message History

The yak is almost dead.
You hit the yak. You bite the yak. You drain its power.
You feel invigorated.
The yak is almost dead.
You hit the yak.
You kill the yak!
Okawaru accepts your kill. The yak gores you!
* * * LOW HITPOINT WARNING * * *
Items here: ) [ ††† a flail; a ring mail; a yak corpse x2; an orc corpse You hit the yak.
You bite the yak, but do no damage.
The yak is lightly wounded.
You hit the yak. You bite the yak, but do no damage.
The yak is lightly wounded.
The yak closely misses you.
You hit the yak but do no damage. Your headbutt misses the yak.
The yak is lightly wounded.
You gain the combat prowess of a mighty hero.
The yak gores you!
You die...

# #.# # ##..# ###..## #
#.#.#. #o.......
#..#.#..###..o...Y.
#......##.......# #)##
#...)...# ##@# #...Y...#
########Y###...Y...######
........Y>...............
.................Y.......
#####..########........# #..#
#o.......# #.. #..#
#........# ###.. #..#
#........#
.....#####..########....†...#


You could see 2 yaks.

Vanquished Creatures
  A two-headed ogre (D:9)
  Maurice (D:8)
  A hippogriff (D:7)
  4 yaks (D:9)
  3 orc warriors
  2 black bears
  A phantom (D:6)
  An ogre (D:9)
  A big kobold (D:7)
  A bullfrog (D:8)
  A wyvern skeleton (D:6)
  3 scorpions
  A howler monkey (D:6)
  4 crimson imps
  2 bullfrog zombies
  A bullfrog skeleton (D:7)
  A hound (D:4)
  A jelly (D:3)
  Terence (D:2)
  An iguana (D:6)
  An orc wizard (D:9)
  4 worker ants
  A hound zombie (D:7)
  7 gnolls (D:3)
  7 adders
  2 shadow imps
  3 oozes
  An adder skeleton (D:7)
  A worm (D:4)
  3 dart slugs (D:1)
  4 leopard geckos
  10 orcs
  A ball python (D:4)
  6 giant cockroaches
  7 goblins
  6 hobgoblins
  7 jackals
  2 quokkas
  5 bats
  7 frilled lizards
  9 kobolds
  4 rats
130 creatures vanquished.

Notes
Turn   | Place    | Note
-------+----------+-------------------------------------------
     0 | D:1      | nono the Vine Stalker Hunter began the quest for the Orb.
     0 | D:1      | Reached XP level 1. HP: 11/11 MP: 2/2
   111 | D:2      | Reached XP level 2. HP: 10/15 MP: 1/3
   146 | D:2      | Reached XP level 3. HP: 8/18 MP: 2/4
   274 | D:2      | Noticed Terence
   487 | D:1      | Gained mutation: Your natural rate of healing is unusually fast. [Vine Stalker growth]
   487 | D:1      | Reached XP level 4. HP: 13/23 MP: 5/5
   692 | D:2      | Killed Terence
   739 | D:3      | Reached skill level 1 in Short Blades
   739 | D:3      | Reached skill level 1 in Shields
   739 | D:3      | Reached XP level 5. HP: 22/26 MP: 3/6
   968 | D:5      | Entered Level 5 of the Dungeon
   968 | D:5      | Noticed Prince Ribbit
   972 | D:4      | Found a shimmering altar of Xom.
   982 | D:4      | Reached XP level 6. HP: 31/32 MP: 7/7
  1215 | D:4      | Gained mutation: You have a pair of small horns on your head. [potion of mutation]
  1215 | D:4      | Gained mutation: You are covered in fur. (AC +1) [potion of mutation]
  1280 | D:4      | Reached XP level 7. HP: 20/36 MP: 8/8
  1466 | D:6      | Gained mutation: You have razor-sharp teeth. [Vine Stalker growth]
  1466 | D:6      | Reached XP level 8. HP: 27/42 MP: 9/9
  1493 | D:6      | Found a shadowy altar of Dithmenos.
  1534 | D:7      | Found a shattered altar of Ashenzari.
  1643 | D:7      | Reached skill level 5 in Fighting
  1692 | D:7      | Noticed a hippogriff
  1706 | D:7      | Killed a hippogriff
  1706 | D:7      | Reached skill level 5 in Short Blades
  1747 | D:7      | Found a staircase to the Ecumenical Temple.
  1760 | Temple   | Entered the Ecumenical Temple
  1825 | Temple   | Became a worshipper of Warmaster Okawaru
  2059 | D:8      | Reached skill level 5 in Shields
  2071 | D:8      | Noticed Maurice
  2092 | D:8      | Killed Maurice
  2092 | D:8      | Reached * piety under Okawaru
  2092 | D:8      | Reached XP level 9. HP: 35/48 MP: 4/10
  2129 | D:8      | Lost mutation: You have a pair of small horns on your head. [potion of mutation]
  2129 | D:8      | Lost mutation: You are covered in fur. (AC +1) [potion of mutation]
  2129 | D:8      | Gained mutation: You have a pair of small horns on your head. [potion of mutation]
  2129 | D:8      | Gained mutation: You have a pair of horns on your head. [potion of mutation]
  2129 | D:8      | Gained mutation: Your mind is acute. (Int +2) [potion of mutation]
  2241 | D:9      | Found Liraecus's Jewellery Shoppe.
  2326 | D:9      | Reached skill level 1 in Armour
  2362 | D:9      | Noticed a two-headed ogre
  2364 | D:9      | Reached ** piety under Okawaru
  2378 | D:9      | Killed a two-headed ogre
  2397 | D:9      | Reached XP level 10. HP: 24/55 MP: 11/11
  2412 | D:9      | Slain by a yak

Vault maps used:
D:1:      erik_arrival_triangle_small
D:2:      first_bread, serial_bayou_lagoon_a, uniq_terence
D:3:      uniq_crazy_yiuf_cottage
D:4:      kennysheep_spiral_hall, led_xom_imps
D:5:      uniq_menkaure, uniq_prince_ribbit1
D:6:      grunt_dithmenos_shadows
D:7:      temple_pool_b, basic_altar, grunt_ogre_cave
D:8:      uniq_maurice
D:9:      erik_orc_3, serial_shops, nicolae_shop_stone, uniq_joseph
Temple:   minmay_crystal_snake_temple

Skill      XL: |  1  2  3  4  5  6  7  8  9 |
---------------+----------------------------+-----
Throwing       | 4 |  4.9
Fighting       | 2 3 4 6 7 |  7.3
Short Blades   | 1 2 4 5 7 |  7.2
Shields        | 1 2 3 5 |  5.6
Armour         | 3 |  3.3
Dodging        | |  1.5
Stealth        | |  1.2

Action                   |  1- 3 |  4- 6 |  7- 9 | 10-12 || total
-------------------------+-------+-------+-------+-------++-------
Melee: Short sword       |    52 |   179 |       |       ||   231
       Bite              |    11 |    60 |   134 |     6 ||   211
       Dagger            |       |    34 |   261 |    12 ||   307
       Headbutt          |       |     5 |    81 |     3 ||    89
Throw: Javelin           |    30 |    23 |     1 |       ||    54
       Throwing net      |     2 |     6 |       |       ||     8
Invok: Heroism           |       |       |     1 |     1 ||     2
  Use: Potion            |       |     2 |     2 |       ||     4
       Scroll            |       |       |     5 |       ||     5
 Stab: Sleeping          |     2 |     2 |     1 |       ||     5
       Invisible         |       |     2 |       |       ||     2
       Paralysed         |       |       |     1 |       ||     1
  Eat: Chunk             |       |     1 |     4 |       ||     5
Armor: Leather armour    |    14 |    46 |    18 |       ||    78
Dodge: Dodged            |    37 |    95 |    45 |     1 ||   178
Block: Other             |    11 |       |       |       ||    11
       Buckler           |       |   128 |   104 |     1 ||   233
       Reflection        |       |     8 |     1 |       ||     9
